 Dungeon Crawl Stone Soup version 0.31-a0-988-g08d55dae12 (webtiles) character file.

Game seed: 9315764177766175287

84 Pixllover the Grasshopper (level 4, -1/58 HPs)
             Began as an Armataur Warper on Nov 4, 2023.
             Was a Believer of Sif Muna.
             Blown up by Ijyb (17 damage)
             ... with a mindburst bolt
             ... on level 3 of the Dungeon.
             The game lasted 00:03:00 (1824 turns).

Pixllover the Grasshopper (Armataur Warper)         Turns: 1824, Time: 00:03:01

Health: -1/58      AC: 22    Str: 18    XL:     4   Next: 23%
Magic:  7/7        EV:  1    Int: 13    God:    Sif Muna [**....]
Gold:   31         SH:  0    Dex: 10    Spells: 7/7 levels left

rFire   . . .        a - +0 mace
rCold   . . .        (no shield)
rNeg    . . .        b - melded +0 leather armour
rPois   +            l - melded +0 helmet
rElec   .            (cloak currently unavailable)
rCorr   .            h - melded +0 pair of gloves
SInv    .            (no barding)
Will    .....        (no amulet)
Stlth   +            (no ring)
HPRegen 0.29/turn    (no ring)
MPRegen 0.10/turn

%: roll
@: tree-form
A: stationary, stasis, torment immunity, boosted hp, large, rugged brown scales
3, (deformed body), (armoured tail), roll, long tongue, awkward tongue
a: Renounce Religion, Channel Magic


You were on level 3 of the Dungeon.
You worshipped Sif Muna.
Sif Muna was pleased with you.
You were a tree.
You visited 1 branch of the dungeon, and saw 3 of its levels.

You collected 31 gold pieces.

Inventory:

Hand Weapons
 a - a +0 mace (weapon)
Missiles
 d - 7 darts of dispersal (quivered)
Armour
 b - a +0 leather armour (melded)
 h - a +0 pair of gloves (melded)
 l - a +0 helmet (melded)
 o - a +0 kite shield
Jewellery
 g - a ring of wizardry
Scrolls
 c - a scroll of blinking
 e - a scroll of fog
 f - a scroll of teleportation
 i - 3 scrolls of identify
 j - a scroll of torment
Potions
 k - a potion of might
 n - a potion of ambrosia {unknown}


   Skills:
 + Level 2.3 Fighting
 + Level 2.5 Maces & Flails
 + Level 0.8 Throwing
 + Level 1.9 Armour
 + Level 2.0 Dodging
 + Level 2.0 Spellcasting
 + Level 3.4 Translocations


You had 7 spell levels left.
You didn't know any spells.
Your spell library contained the following spells:

 Spells                   Type           Power      Damage    Failure   Level
 Blink                    Tloc           20%        N/A       10%         2
 Lesser Beckoning         Tloc           20%        N/A       10%         2
 Teleport Other           Tloc           10%        N/A       19%         3
 Manifold Assault         Tloc           10%        N/A       52%         4
 Ozocubu's Armour         Ice            1%         N/A       58%         3
 Vhi's Electric Charge    Tloc/Air       10%        N/A       77%         4
 Metabolic Englaciation   Hex/Ice        0%         N/A       100%        5
 Simulacrum               Ice/Necr       0%         N/A       100%        6


Dungeon Overview and Level Annotations

Branches:
Dungeon (3/15)

Altars:
Sif Muna

Annotations:
D:3 Ijyb, Robin


Innate Abilities, Weirdness & Mutations

You are a tree.
Your roots penetrate the ground, keeping you stationary.
You cannot be teleported.
You are immune to unholy pain and torment.
Your maximum health is greatly increased.
Your equipment is partially melded.
(You are completely covered in rugged brown scales. (AC +3, +7% HP))
((Armour fits poorly on your strangely shaped body.))
((You have a long armoured tail.))
You roll when moving toward enemies. (Rampage)
Your long tongue fully drains potion bottles. (2x potion effects)
Your tongue gives you trouble enunciating. (1.5x scroll delay)


Message History

You closely miss the hobgoblin.
The hobgoblin hits you but does no damage.
The goblin hits you but does no damage.
The hobgoblin hits you but does no damage.
You closely miss the hobgoblin.
The goblin no longer looks unusually strong.
The hobgoblin hits you but does no damage.
The goblin hits you but does no damage.
The hobgoblin hits you but does no damage.
You hit the hobgoblin but do no damage.
The hobgoblin no longer looks unusually strong. x2
The hobgoblin hits you but does no damage. x3
You hit the hobgoblin.
The hobgoblin is heavily wounded.
The hobgoblin no longer looks unusually strong.
Ijyb no longer looks unusually strong.
The goblin hits you but does no damage.
The hobgoblin hits you but does no damage.
Ijyb screams, "I cut your head off!"
The hobgoblin hits you but does no damage.
The hobgoblin hits you.
You hit the hobgoblin.
You kill the hobgoblin!
Sif Muna accepts your kill. The hobgoblin hits you.
* * * LOW HITPOINT WARNING * * *
You thump the hobgoblin!
You kill the hobgoblin!
Sif Muna accepts your kill. The goblin hits you but does no damage.
The hobgoblin hits you but does no damage.
Your Dodging skill increases to level 2!
You hit the hobgoblin.
The hobgoblin is lightly wounded.
You hit Ijyb.
Ijyb is lightly wounded.
The goblin hits you but does no damage. The hobgoblin hits you.
* * * LOW HITPOINT WARNING * * *
Ijyb zaps a wand.
You barely resist. The goblin hits you but does no damage.
The hobgoblin completely misses you.
Ijyb zaps a wand.
Your mind is blasted!
You die...

##........
#.........
#.........
##.........
..........
.........
##g.......
##g♣.......
##gg##..##..
##gg## .##
#gg###.#
###gg.g..#
#....ggg##
#.#....g#
#.#...g.#
..........


You could see Ijyb, 7 hobgoblins and 2 goblins.

Vanquished Creatures
  2 adders (D:2)
  2 dart slugs
  8 ball pythons (D:1)
  3 endoplasms (D:1)
  4 giant cockroaches
  9 goblins
  6 hobgoblins
  5 jackals
  3 kobolds
  A quokka (D:2)
  3 bats
  3 frilled lizards
  5 rats (D:1)
54 creatures vanquished.

Notes
Turn   | Place    | Note
-------+----------+-------------------------------------------
     0 | D:1      | Pixllover the Armataur Warper began the quest for the Orb.
     0 | D:1      | Reached XP level 1. HP: 18/18 MP: 3/3
   190 | D:1      | Reached XP level 2. HP: 25/25 MP: 4/4
   379 | D:1      | Found a faded altar of an unknown god.
   400 | D:1      | Prayed at the altar of an unknown god.
   400 | D:1      | Became a worshipper of Sif Muna the Loreminder
   400 | D:1      | Reached * piety under Sif Muna
   561 | D:1      | Reached XP level 3. HP: 18/31 MP: 6/6
  1394 | D:2      | Reached XP level 4. HP: 35/39 MP: 7/7
  1396 | D:2      | Reached ** piety under Sif Muna
  1799 | D:3      | Noticed Robin
  1804 | D:3      | Noticed Ijyb
  1824 | D:3      | Blown up by Ijyb

Illustrated notes

Levels and vault maps discovered:
D:1:      psy_arrival_spokes, layout_loops_corners,
          hellmonk_ecumenical_altar_pennies_from_heaven
D:2:      layout_loops_corners, reono_crystal_passage
D:3:      layout_rooms, nicolae_overflow_quartered_altars,
          mainiacjoe_overflow_divided_tiny, uniq_robin, uniq_ijyb

Skill      XL: |  1  2  3  4 |
---------------+-------------+-----
Fighting       | 2 |  2.3
Spellcasting   | 2 |  2.0
Maces & Flails | 2 |  2.5
Dodging        | 2 |  2.0
Throwing       | |  0.8
Armour         | |  1.9
Translocations | |  3.4

Action                     |  1- 3 |  4- 6 || total
---------------------------+-------+-------++-------
  Melee: Mace              |    99 |    38 ||   137
         Punch             |     1 |       ||     1
         Tailslap          |     4 |     4 ||     8
    Use: Scroll            |     4 |       ||     4
         Potion            |       |     1 ||     1
 Armour: Leather armour    |    65 |    43 ||   108
         Skin              |       |    22 ||    22
  Dodge: Dodged            |    45 |    30 ||    75

Table legend: (Time is in decaauts)
 A = Elapsed time spent in this place.
 B = Non-inter-level travel time spent in this place.
 C = Inter-level travel time spent in this place.
 D = Time resting spent in this place.
 E = Time spent auto-exploring this place.
 F = Levels seen in this place.
 G = Mean time per level.
                   A        B        C        D        E       F      G
               +--------+--------+--------+--------+--------+-----+--------+
         Total |   1865 |   1820 |     45 |     32 |   1259 |   3 |  621.7 |
       Dungeon |   1865 |   1820 |     45 |     32 |   1259 |   3 |  621.7 |
               +--------+--------+--------+--------+--------+-----+--------+

Top non-repeatable levels by time:
     D:1: 949 daAuts
     D:2: 886 daAuts
     D:3: 28 daAuts
